 Dungeon Crawl Stone Soup version 0.31.0-9-g3a7656b989 (webtiles) character file.

Game seed: 6858576833868013510

274 qw the Skirmisher (level 6, -3/35 HPs)
             Began as a Deep Elf Hunter on Feb 2, 2024.
             Slain by an orc wizard
             ... wielding a +0 dagger
              (4 damage)
             ... on level 4 of the Dungeon.
             The game lasted 00:00:11 (2406 turns).

qw the Skirmisher (Deep Elf Hunter)                 Turns: 2406, Time: 00:00:11

Health: -3/35      AC: 11    Str: 10    XL:     6   Next: 3%
Magic:  8/8        EV: 11    Int: 14    God:
Gold:   119        SH:  0    Dex: 18    Spells: 5/5 levels left

rFire   . . .        a - +0 shortbow
rCold   + . .        (shield currently unavailable)
rNeg    . . .        g - +0 ring mail
rPois   .            i - +0 helmet
rElec   .            (no cloak)
rCorr   .            d - +0 pair of gloves
SInv    .            (no boots)
Will    .....        (no amulet)
Stlth   +            f - +4 ring of protection
HPRegen 0.25/turn    b - ring of protection from cold
MPRegen 0.11/turn

%: no passive effects
@: no status effects
A: no striking features
a: no special abilities


You were on level 4 of the Dungeon.
You visited 1 branch of the dungeon, and saw 4 of its levels.

You collected 119 gold pieces.


   Skills:
 - Level 2.0 Fighting
 + Level 9.2 Ranged Weapons
 - Level 1.0 Armour
 - Level 2.4 Dodging
 - Level 1.2 Stealth


You had 5 spell levels left.
You didn't know any spells.
Your spell library was empty.

Inventory:

Hand Weapons
 a - a +0 shortbow (weapon)
Armour
 d - a +0 pair of gloves (worn)
 g - a +0 ring mail (worn)
 i - a +0 helmet (worn)
Jewellery
 b - a ring of protection from cold (right hand)
 e - a ring of resist corrosion
 f - a +4 ring of protection (left hand)
Potions
 c - a potion of haste {unknown}
 h - a potion of curing

Dungeon Overview and Level Annotations

Branches:
Dungeon (4/15)
 Temple: D:4-7

Altars:
Ashenzari
Nemelex Xobeh

Shops:
D:2 =

Annotations:
D:2 1 runed translucent door, Crazy Yiuf


Message History

The orc hits you with a +0 dagger.
The orc priest looks satisfied for a moment.
You shoot an arrow.
The arrow closely misses the orc priest.
The orc priest barely misses you. The orc hits you but does no damage.
You shoot an arrow.
The arrow closely misses the orc priest.
The orc priest hits you but does no damage.
The orc closely misses you.
You shoot an arrow. The arrow hits the orc priest.
The orc priest is almost dead.
The orc priest barely misses you. The orc hits you but does no damage.
You shoot an arrow.
The arrow closely misses the orc priest.
The orc priest calls down the wrath of Beogh upon you.
You struggle to resist.
The orc hits you with a +0 dagger.
You shoot an arrow. The arrow hits the orc priest!
You kill the orc priest!
The orc hits you but does no damage.
You have reached level 6!
You shoot an arrow. The arrow hits the orc.
The orc is severely wounded.
Something hits you. The orc hits you with a +0 dagger.
Something hits you but does no damage. The orc closely misses you.
You shoot an arrow.
The arrow hits the orc but does no damage.
The orc is severely wounded.
Something hits you but does no damage. The orc hits you but does no damage.
You shoot an arrow.
The arrow hits the orc but does no damage.
The orc is severely wounded.
Something hits you but does no damage. The orc hits you but does no damage.
You shoot an arrow. The arrow closely misses the orc.
You hear some strange, mumbled words.
A puff of flame appears from out of thin air!
The puff of flame hits you. The orc hits you but does no damage.
You shoot an arrow. The arrow hits the orc.
You kill the orc!
Something hits you.
You die...

.....# ..... ....
... ##.. #).
#{################
#@).....#.........
#######.#.########
#.....#.....#...
#.#########.#.##
#...........#...
################


There were no monsters in sight!

Vanquished Creatures
  A scorpion (D:2)
  A bombardier beetle (D:2)
  An orc priest (D:4)
  An iguana (D:4)
  Robin (D:2)
  3 adders
  4 ribbon worms
  9 orcs
  9 bats
  5 endoplasms
  4 giant cockroaches
  10 goblins
  8 hobgoblins
  4 kobolds
  A quokka (D:3)
  5 ball pythons
  4 frilled lizards (D:1)
  6 rats
77 creatures vanquished.

Notes
Turn   | Place    | Note
-------+----------+-------------------------------------------
     0 | D:1      | qw the Deep Elf Hunter began the quest for the Orb.
     0 | D:1      | Reached XP level 1. HP: 12/12 MP: 3/3
     0 | D:1      | 0 ||| qw: Version: 0.3-a-155-g5e7d8dd
     0 | D:1      | 0 ||| qw: Game counter: 373
     0 | D:1      | 0 ||| qw: Melee chars always use a shield: true
     0 | D:1      | 0 ||| qw: God list: Okawaru
     0 | D:1      | 0 ||| qw: Allow faded altars: false
     0 | D:1      | 0 ||| qw: Do Orc after clearing Dungeon:15 true
     0 | D:1      | 0 ||| qw: Do second Lair branch before Depths: true
     0 | D:1      | 0 ||| qw: Lair rune preference: random
     0 | D:1      | 0 ||| qw: Goals: Normal
     0 | D:1      | 0 ||| PLANNING D:1-11
    90 | D:1      | Reached XP level 2. HP: 16/16 MP: 4/4
    98 | D:1      | Reached skill level 6 in Ranged Weapons
   442 | D:1      | 442 ||| UPGRADING to +0 pair of gloves.
   447 | D:1      | 447 ||| UPGRADING to +0 ring mail.
   457 | D:1      | 457 ||| DROPPING +0 leather armour.
   458 | D:1      | 458 ||| UPGRADING to +4 ring of protection.
   459 | D:1      | 459 ||| READING scroll labelled BAUCEK NYU.
   560 | D:1      | 560 ||| DROPPING scroll of butterflies.
   608 | D:2      | Reached XP level 3. HP: 20/20 MP: 5/5
   608 | D:2      | Found a sparkling altar of Nemelex Xobeh.
   639 | D:2      | Found Roxzoase's Jewellery Boutique.
   649 | D:2      | 649 ||| SHOPLISTING amulet of guardian spirit (390 gold,
                  | have 69).
   649 | D:2      | 649 ||| SHOPLISTING ring of fire (325 gold, have 69).
   649 | D:2      | 649 ||| SHOPLISTING ring of ice (325 gold, have 69).
   649 | D:2      | 649 ||| SHOPLISTING ring of positive energy (260 gold, have
                  | 69).
   649 | D:2      | 649 ||| SHOPLISTING ring of see invisible (195 gold, have
                  | 69).
   787 | D:2      | Found a runed translucent door.
   788 | D:2      | Noticed Crazy Yiuf
   959 | D:2      | Reached skill level 7 in Ranged Weapons
   978 | D:2      | Noticed Robin
  1011 | D:2      | Killed Robin
  1012 | D:2      | Reached XP level 4. HP: 14/25 MP: 6/6
  1154 | D:2      | Noticed a scorpion
  1162 | D:2      | Killed a scorpion
  1163 | D:2      | Reached skill level 8 in Ranged Weapons
  1234 | D:2      | Reached XP level 5. HP: 29/29 MP: 7/7
  1611 | D:2      | 1611 ||| UPGRADING to +0 helmet.
  1616 | D:2      | 1616 ||| DROPPING ring of magical power.
  1617 | D:2      | 1617 ||| READING scroll labelled EBAKOD QOLY.
  1617 | D:2      | 1617 ||| IDENTIFYING smoky blue potion
  1618 | D:2      | 1618 ||| READING scroll labelled MUCVIRUESU.
  1619 | D:2      | 1619 ||| DRINKING 2 white potions.
  1620 | D:2      | 1620 ||| DROPPING potion of attraction.
  1690 | D:3      | 1690 ||| FLEEEEING.
  1694 | D:3      | 1694 ||| FLEEEEING.
  1697 | D:3      | 1697 ||| FLEEEEING.
  1699 | D:3      | 1699 ||| FLEEEEING.
  1700 | D:3      | 1700 ||| FLEEEEING.
  1702 | D:3      | 1702 ||| STAIRDANCE
  1741 | D:3      | 1741 ||| STAIRDANCE
  1749 | D:3      | 1749 ||| STAIRDANCE
  1793 | D:3      | Reached skill level 9 in Ranged Weapons
  2141 | D:3      | 2141 ||| UPGRADING to ring of protection from cold.
  2171 | D:4      | Found a broken altar of Ashenzari.
  2296 | D:4      | Reached skill level 1 in Armour
  2383 | D:4      | 2383 ||| DRINKING 2 potions of curing.
  2383 | D:4      | 2383 ||| (to cure confusion)
  2392 | D:4      | HP: 6/30 [orc priest/divine providence (7)]
  2400 | D:4      | HP: 6/30 [orc/+0 dagger (2)]
  2402 | D:4      | Reached XP level 6. HP: 7/35 MP: 8/8
  2402 | D:4      | HP: 1/35 [orc/+0 dagger (3)]
  2406 | D:4      | Slain by an orc wizard

Levels and vault maps discovered:
D:1:      dpeg_arrival_rooms_c, layout_rooms
D:2:      layout_loops_corners, basic_altar, serial_shops, shop, uniq_robin,
          uniq_crazy_yiuf_cottage
D:3:      layout_rooms
D:4:      layout_rooms, nicolae_ashenzari_panopticon, nicolae_ru_path_of_blood,
          minmay_temple_entry_purple_smoke, serial_forest,
          infiniplex_forest_end_3, infiniplex_forest_zigzag_1,
          infiniplex_forest_fountain, infiniplex_forest_zigzag_2,
          infiniplex_forest_straight_4, infiniplex_forest_zigzag_2,
          infiniplex_forest_clump_curved, infiniplex_forest_lined_2,
          infiniplex_forest_zigzag_1, infiniplex_forest_lined_room_2,
          roderic_serpentine_path, minmay_misc_feat_rugged

Skill      XL: |  1  2  3  4  5 |
---------------+----------------+-----
Ranged Weapons | 6 7 8 9 |  9.2
Fighting       | 2 |  2.0
Armour         | 1 |  1.0
Dodging        | |  2.4
Stealth        | |  1.2

Action                     |  1- 3 |  4- 6 || total
---------------------------+-------+-------++-------
   Fire: Shortbow          |   151 |   120 ||   271
    Use: Scroll            |     1 |     2 ||     3
         Potion            |       |     2 ||     2
 Armour: Leather armour    |    17 |       ||    17
         Ring mail         |    48 |    71 ||   119
  Dodge: Dodged            |    61 |    52 ||   113

Table legend:
 A = Non-vault XP
 B = Vault XP
 C = Vault XP percentage of total XP
 D = Non-vault monster count
 E = Vault monster count
 F = Vault count percentage of total count
                 A         B        C        D         E       F
            +---------+---------+-------+---------+---------+-------
      Total |     358 |      37 |   9.4 |      65 |      12 |  15.6
            +---------+---------+-------+---------+---------+-------
        D:1 |      34 |       0 |   0.0 |      21 |       0 |   0.0
        D:2 |     174 |      37 |  17.5 |      21 |      12 |  36.4
        D:3 |      64 |       0 |   0.0 |      17 |       0 |   0.0
        D:4 |      86 |       0 |   0.0 |       6 |       0 |   0.0
            +---------+---------+-------+---------+---------+-------
